[Event "ICC tourney 1914 (45 10)"]
[Site "Internet Chess Club"]
[Date "2020.07.12"]
[Round "1"]
[White "barrymax"]
[Black "PawnGrabber"]
[Result "0-1"]
[ICCResult "White checkmated"]
[WhiteElo "1378"]
[BlackElo "1735"]
[Opening "Sicilian: Alapin's variation (2.c3)"]
[ECO "B22"]
[NIC "SI.46"]
[Time "11:07:58"]
[TimeControl "2700+10"]

1. e4 c5 2. c3 Nf6 3. e5 Nd5 4. c4 Nb6 5. Nf3 Nc6 6. Be2 Qc7 7. d4 cxd4 8.
Nxd4 Qxe5 9. Nxc6 dxc6 10. O-O g6 11. Be3 Bg7 12. Nc3 Be6 13. Bxb6 axb6 14.
Re1 Qf4 15. g3 Qc7 16. a3 O-O 17. Qc1 Rfd8 18. Rd1 Rxd1+ 19. Nxd1 Qe5 20.
Qc3 Qxe2 21. Qb3 Bxc4 22. Qc3 Qf1# {White checkmated} 0-1

[Event "ICC tourney 1914 (45 10)"]
[Site "Internet Chess Club"]
[Date "2020.07.12"]
[Round "1"]
[White "Lee-D"]
[Black "BillietheKid"]
[Result "1/2-1/2"]
[ICCResult "Game drawn by mutual agreement"]
[WhiteElo "1317"]
[BlackElo "1528"]
[Opening "Queen's gambit declined"]
[ECO "D30"]
[NIC "QP.08"]
[Time "11:05:02"]
[TimeControl "2700+10"]

1. d4 d5 2. c4 e6 3. cxd5 exd5 4. Nc3 c6 5. Nf3 Nf6 6. Bg5 Be7 7. e3 Bg4 8.
Be2 Nbd7 9. h3 Bh5 10. O-O O-O 11. Bf4 Bg6 12. Nh4 Ne4 13. Nxg6 fxg6 14. Bd3
Ndf6 15. Be5 Bd6 16. Bxd6 Qxd6 17. Nxe4 Nxe4 18. Bxe4 dxe4 19. Qc2 Rae8 20.
Rac1 Rf5 21. Qa4 a6 22. Qb3+ Kh8 23. Qxb7 Rf6 24. Qxa6 h5 25. Rc5 Ref8 26.
a4 Rb8 27. Rb1 Qf8 28. Rc2 c5 29. Qc4 cxd4 30. Qxd4 Re8 31. b4 Rf5 32. Rc7
Rf6 33. b5 Rxf2 34. Kh2 Rd8 35. Qe5 Re8 36. Qc5 Qf3 37. Rg1 Re2 38. Qd4 Qf8
39. b6 Rd8 40. Qxe4 Qd6+ 41. Qf4 Qxb6 42. Rf7 Qxe3 43. Qxe3 Rxe3 44. Ra1 Ra8
45. a5 Re6 46. Rf4 Rea6 47. Rfa4 Kg8 48. Kg3 g5 49. Kf3 Kf7 50. g3 Ke6 51.
Ke4 Rb8 52. Rd4 Rb5 53. Rda4 g6 54. Kd4 Kd6 55. Kc4 Kc6 56. Re1 Rbxa5 57.
Rxa5 Rxa5 58. Re6+ Kd7 59. Rxg6 Ke7 60. Kb4 Kf7 61. Rh6 Kg7 62. Rxh5 Re5 63.
g4 Kg6 64. Rh8 Re3 65. Kc4 Kg7 66. Rh5 Kg6 67. Rh8 Kg7 68. Kd4 Rg3 69. Rh5
Kg6 70. Ke4 Ra3 71. Ke5 Ra5+ 72. Ke6 Ra6+ 73. Ke5 Ra5+ 74. Ke6 Ra6+ 75. Ke7
Ra7+ 76. Ke6 Ra6+ 77. Kd5 Ra5+ 78. Ke4 Ra4+ 79. Ke5 Ra5+ 80. Kd4 Ra4+ 81.
Kc5 Ra3 82. Kb4 Rf3 83. Kc4 Rf4+ 84. Kd5 Rf3 85. Ke5 Ra3 86. Ke6 Ra6+ 87.
Ke7 Ra7+ 88. Ke6 Ra6+ 89. Ke5 Ra5+ 90. Kd6 Ra6+ 91. Kc5 Ra3 92. Kb4 Rf3
{Game drawn by mutual agreement}
1/2-1/2

[Event "ICC tourney 1914 (45 10)"]
[Site "Internet Chess Club"]
[Date "2020.07.12"]
[Round "1"]
[White "snifflingalloy6"]
[Black "MonkeyTown"]
[Result "0-1"]
[ICCResult "White resigns"]
[WhiteElo "1278"]
[BlackElo "1436"]
[Opening "French: advance variation"]
[ECO "C02"]
[NIC "FR.03"]
[Time "11:05:10"]
[TimeControl "2700+10"]

1. e4 e6 2. d4 d5 3. e5 c5 4. c3 Nc6 5. a3 Qb6 6. Nf3 Nge7 7. Bd3 Bd7 8. b4
cxd4 9. cxd4 Nxd4 10. O-O Nxf3+ 11. Qxf3 Ng6 12. Re1 Qd4 13. Bxg6 hxg6 14.
Ra2 Be7 15. Rae2 Qc4 16. Nd2 Qh4 17. Nf1 Bb5 18. Rc2 Bxf1 19. Kxf1 Qxh2 20.
Rc7 Rb8 21. Bg5 f6 22. exf6 Qxc7 23. Rxe6 Rh1+ 24. Ke2 Qc4+ 25. Kd2 Qc1+ 26.
Kd3 Rd1+ {White resigns} 0-1

[Event "ICC tourney 1914 (45 10)"]
[Site "Internet Chess Club"]
[Date "2020.07.12"]
[Round "1"]
[White "OnGoldenPawn"]
[Black "farnoo"]
[Result "0-1"]
[ICCResult "White resigns"]
[WhiteElo "1933"]
[BlackElo "1712"]
[Opening "English, 1...Nf6 (Anglo-Indian defense)"]
[ECO "A15"]
[NIC "EO.64"]
[Time "11:09:52"]
[TimeControl "2700+10"]

1. c4 Nf6 2. g3 g6 3. Bg2 Bg7 4. Nc3 Nc6 5. e4 e5 6. Nge2 d6 7. O-O Be6 8.
d3 O-O 9. Nd5 Nd4 10. Nxd4 exd4 11. Bg5 c6 12. Nxf6+ Bxf6 13. Bh6 Bg7 14.
Bxg7 Kxg7 15. f4 f5 16. Qf3 Rb8 17. Rae1 b5 18. b3 bxc4 19. bxc4 fxe4 20.
Qxe4 Bf5 21. Qe7+ Rf7 22. Qxd8 Rxd8 23. Be4 Bxe4 24. Rxe4 c5 25. Rf2 Rb8 26.
Re6 Rb6 27. Rfe2 a5 28. Kg2 a4 29. Kf3 a3 30. h4 h5 31. Ke4 Rf5 32. Kf3 Rf7
33. Re8 Rb2 34. Ra8 Rxe2 35. Kxe2 Re7+ 36. Kf2 Re3 37. Rxa3 Kf6 38. Rb3 Kf5
39. a4 Kg4 40. a5 Rf3+ 41. Kg2 Rxg3+ 42. Kf2 Re3 43. a6 Re8 44. a7 Ra8 45.
Rb7 Kxf4 46. Rg7 Kg4 47. Rxg6+ Kxh4 48. Rg7 Kh3 49. Kf3 Re8 50. Rg3+ Kh2 51.
Rg2+ Kh3 52. Ra2 Ra8 53. Ke4 Kg3 54. Kd5 h4 55. Kxd6 h3 56. Ra1 h2 57. Kc7
Rxa7+ 58. Rxa7 h1=Q 59. Kb6 Qb1+ 60. Kxc5 Qxd3 61. Rg7+ Kf4 62. Rd7 Ke5 63.
Re7+ Kf6 64. Rd7 Qf5+ 65. Rd5 d3 66. Kd4 d2 67. Ke3 Qxd5 {White resigns} 0-1

[Event "ICC tourney 1914 (45 10)"]
[Site "Internet Chess Club"]
[Date "2020.07.12"]
[Round "1"]
[White "dce"]
[Black "knighthawkmill"]
[Result "0-1"]
[ICCResult "White checkmated"]
[WhiteElo "1317"]
[BlackElo "1483"]
[Opening "French: Tarrasch, closed variation"]
[ECO "C05"]
[NIC "FR.16"]
[Time "11:05:05"]
[TimeControl "2700+10"]

1. e4 e6 2. d4 d5 3. Nd2 Nf6 4. e5 Nfd7 5. Ngf3 a5 6. Be2 Na6 7. c3 c5 8.
Nf1 Be7 9. Ng3 h5 10. Bd3 cxd4 11. cxd4 Nb4 12. a3 Nxd3+ 13. Qxd3 b6 14. Ne2
Ba6 15. Qc2 Rc8 16. Qd2 Qc7 17. O-O Qc2 18. Re1 Qg6 19. Qf4 h4 20. Nc3 h3
21. g3 Qh5 22. Bd2 g5 23. Qe3 Rf8 24. Kh1 f5 25. exf6 Rxf6 26. Nxg5 Bc4 27.
Nxe6 Rxe6 28. Qxe6 Qf3+ 29. Kg1 Qg2# {White checkmated} 0-1

[Event "ICC tourney 1914 (45 10)"]
[Site "Internet Chess Club"]
[Date "2020.07.12"]
[Round "1"]
[White "WallyCleaver"]
[Black "Elenasht"]
[Result "1-0"]
[ICCResult "Black resigns"]
[WhiteElo "1625"]
[BlackElo "1352"]
[Opening "Sicilian"]
[ECO "B54"]
[NIC "SI.01"]
[Time "11:05:09"]
[TimeControl "2700+10"]

1. e4 c5 2. Nf3 d6 3. d4 cxd4 4. Nxd4 a6 5. c4 Nf6 6. Nc3 e6 7. Be3 Bd7 8.
Bd3 Be7 9. O-O O-O 10. a3 Nc6 11. f4 e5 12. Nf3 exf4 13. Bxf4 Bg4 14. h3 Bh5
15. g4 Bg6 16. Qe1 Ne5 17. Bxe5 dxe5 18. Nd5 Bc5+ 19. Kg2 Nd7 20. b4 Ba7 21.
c5 b5 22. Rc1 Rc8 23. Bb1 Nf6 24. Nxf6+ Qxf6 25. Nh4 Qc6 26. Nxg6 Qxg6 27.
Rd1 h5 28. Qg3 hxg4 29. hxg4 Bb8 30. Rf5 Rfd8 31. Rdf1 Rd2+ 32. R1f2 Rxf2+
33. Rxf2 Rd8 34. Qf3 f6 35. Ba2+ Kf8 36. Bd5 Bc7 37. Qf5 Qxf5 38. Rxf5 Ke7
39. g5 a5 40. Kf3 Rh8 41. Kg4 Rf8 42. Kh5 fxg5 43. Rxf8 Kxf8 44. Kxg5 axb4
45. axb4 Bd8+ 46. Kg6 Bf6 47. Bc6 Ke7 48. Bxb5 Kd8 49. Ba6 Kc7 50. Bc4 Kd7
51. b5 Be7 52. c6+ Kc7 53. Kxg7 Bd6 54. Kf7 Bc5 55. Ke6 Bd4 56. Bd5 Bc3 57.
b6+ Kc8 58. Kd6 Bb4+ 59. Kxe5 Kd8 60. c7+ Kc8 61. Be6+ {Black resigns} 1-0

[Event "ICC tourney 1914 (45 10)"]
[Site "Internet Chess Club"]
[Date "2020.07.12"]
[Round "1"]
[White "geeleong"]
[Black "grant60"]
[Result "1-0"]
[ICCResult "Black resigns"]
[WhiteElo "1608"]
[BlackElo "1343"]
[Opening "Queen's pawn game"]
[ECO "A45"]
[NIC "QP.07"]
[Time "11:05:11"]
[TimeControl "2700+10"]

1. d4 Nf6 2. e3 d5 3. b3 c6 4. Bb2 Bf5 5. Bd3 Bxd3 6. cxd3 e6 7. Nf3 Bd6 8.
O-O Nbd7 9. Nbd2 Qc7 10. e4 dxe4 11. dxe4 e5 12. Nc4 Nxe4 13. Re1 f5 14.
Nxd6+ Qxd6 15. dxe5 Qc7 16. Nd4 Qb6 17. Qe2 g6 18. f3 Nec5 19. Kh1 O-O-O 20.
e6 Nf6 21. Nxf5 Rhe8 22. e7 Rd7 23. Bxf6 gxf5 24. Rad1 Qc7 25. b4 Na6 26. a3
Nb8 27. Qe6 c5 28. Qf7 Rexe7 29. Bxe7 b6 30. Qe8+ Kb7 31. Rxd7 Nxd7 32. Bd8
Qd6 33. Qe7 Qd5 34. h3 Ka6 35. Qe2+ c4 36. Rd1 Qc6 37. Qc2 Ne5 38. Qxf5 Nd3
39. b5+ Qxb5 40. Qxb5+ Kxb5 41. Kg1 Nb2 42. Rd7 c3 43. Bg5 Ka5 44. Rc7 Ka4
45. Rxc3 Nd1 46. Rc7 Kxa3 47. Rxa7+ Kb3 48. Rxh7 {Black resigns} 1-0

[Event "ICC tourney 1914 (45 10)"]
[Site "Internet Chess Club"]
[Date "2020.07.12"]
[Round "2"]
[White "BillietheKid"]
[Black "chessbyte"]
[Result "0-1"]
[ICCResult "White resigns"]
[WhiteElo "1517"]
[BlackElo "1634"]
[Opening "Scandinavian: Icelandic gambit"]
[ECO "B01"]
[NIC "SD.03"]
[Time "13:31:04"]
[TimeControl "2700+10"]

1. e4 d5 2. exd5 Nf6 3. c4 e6 4. dxe6 Bxe6 5. d4 Bb4+ 6. Nc3 Ne4 7. Qa4+ Nc6
8. d5 Nxc3 9. bxc3 Bxc3+ 10. Bd2 Bxa1 11. Nf3 Bd7 12. dxc6 Bxc6 13. Qd1 Qe7+
14. Be2 Bf6 15. O-O O-O 16. Bd3 Qd6 17. Qc2 h6 18. Be4 Bxe4 19. Qxe4 c6 20.
Qg4 Rfe8 21. Bxh6 Rad8 22. Be3 Qe6 23. Qg3 Qxc4 24. a3 b6 25. h4 c5 26. h5
Qd5 27. h6 g6 28. Qf4 Qd6 29. Qg4 Kh7 30. Ng5+ Bxg5 31. Bxg5 Rd7 32. Bf4 Qe6
33. Qf3 Rd4 34. Be3 Rd3 35. Qb7 Rxa3 36. Rd1 Re7 37. Qb8 Rxe3 38. Qf8 Re1+
39. Kh2 Qe5+ {White resigns} 0-1

[Event "ICC tourney 1914 (45 10)"]
[Site "Internet Chess Club"]
[Date "2020.07.12"]
[Round "2"]
[White "Elenasht"]
[Black "snifflingalloy6"]
[Result "0-1"]
[ICCResult "White resigns"]
[WhiteElo "1277"]
[BlackElo "1353"]
[Opening "French defense"]
[ECO "C00"]
[NIC "FR.01"]
[Time "13:30:56"]
[TimeControl "2700+10"]

1. e4 e6 2. Nf3 d5 3. exd5 exd5 4. d4 Nf6 5. Bg5 Be7 6. Bb5+ c6 7. Ba4 O-O
8. O-O Bg4 9. Re1 Nbd7 10. Bb3 Re8 11. c4 Qb6 12. Nc3 dxc4 13. Na4 Qb5 14.
Bxf6 Nxf6 15. Nc3 Qb4 16. Bc2 Qxb2 17. Re3 Qb6 18. Qe2 Bxf3 19. gxf3 Qxd4
20. Re1 Bb4 21. Ne4 Nxe4 22. Rd1 Qf6 23. Bxe4 Red8 24. f4 Rxd1+ 25. Qxd1 Rd8
26. Qh5 g6 27. Qh3 Qxf4 28. Bg2 c3 29. a3 c2 {White resigns} 0-1

[Event "ICC tourney 1914 (45 10)"]
[Site "Internet Chess Club"]
[Date "2020.07.12"]
[Round "2"]
[White "knighthawkmill"]
[Black "WallyCleaver"]
[Result "1-0"]
[ICCResult "Black resigns"]
[WhiteElo "1582"]
[BlackElo "1576"]
[Opening "King's Indian: Kramer system"]
[ECO "E70"]
[NIC "KI.31"]
[Time "13:30:59"]
[TimeControl "2700+10"]

1. d4 Nf6 2. c4 g6 3. Nc3 Bg7 4. e4 d6 5. Nge2 O-O 6. Ng3 Nbd7 7. Be2 e5 8.
d5 a5 9. h4 h5 10. Bg5 Nc5 11. Bxh5 gxh5 12. Nxh5 Ncd7 13. Qf3 c6 14. O-O-O
Bh8 15. Rh3 Re8 16. Rg3 Kf8 17. Kb1 Ke7 18. Qe3 Rg8 19. Rf3 Rg6 20. Ng3 Qg8
21. Nf5+ Kf8 22. Bh6+ Rxh6 23. Qxh6+ Bg7 24. Qxg7+ Qxg7 25. Nxg7 Kxg7 26.
dxc6 bxc6 27. Rxd6 Bb7 28. Rg3+ Kh7 29. f3 c5 30. Nd5 Ra6 31. Rxa6 Bxa6 32.
b3 Nxd5 33. exd5 f5 34. Rg5 f4 35. Kc2 Bc8 36. Kc3 e4 37. fxe4 Nf6 38. Re5
Bg4 39. Kd3 f3 40. gxf3 Bxf3 41. d6 {Black resigns} 1-0

[Event "ICC tourney 1914 (45 10)"]
[Site "Internet Chess Club"]
[Date "2020.07.12"]
[Round "2"]
[White "farnoo"]
[Black "GReinhart"]
[Result "1/2-1/2"]
[ICCResult "Game drawn by mutual agreement"]
[WhiteElo "1658"]
[BlackElo "1425"]
[Opening "Queen's pawn game, Darooha variation "]
[ECO "D02"]
[NIC "QP.09"]
[Time "13:30:55"]
[TimeControl "2700+10"]

1. Nf3 d5 2. d4 Nf6 3. g3 e6 4. Bg2 c5 5. e3 Nc6 6. O-O Be7 7. Nbd2 O-O 8.
b3 a5 9. Bb2 b5 10. dxc5 Bxc5 11. Ne5 Nxe5 12. Bxe5 Bd6 13. Bb2 Rb8 14. e4
e5 15. exd5 Bb7 16. c4 bxc4 17. Nxc4 Ba6 18. Re1 Bxc4 19. Bxe5 Bxe5 20. bxc4
Bxa1 21. Qxa1 Qd6 22. Qc3 Qb4 23. Qxb4 axb4 24. c5 b3 25. axb3 Rxb3 26. Rc1
Rd3 27. d6 Rd8 28. Bh3 g6 29. c6 R8xd6 30. c7 Rd1+ 31. Rxd1 Rxd1+ 32. Kg2
Rc1 33. c8=Q+ Rxc8 34. Bxc8 Kg7 35. f4 Nd5 36. Kf3 f5 37. h3 Kf6 38. g4
fxg4+ 39. hxg4 h6 40. Ke4 Ne7 41. Bb7 g5 42. f5 h5 43. gxh5 Nxf5 44. Kf3 Kg7
45. Kg4 Kh6 46. Kxf5 Kxh5 {Game drawn by mutual agreement} 1/2-1/2

[Event "ICC tourney 1914 (45 10)"]
[Site "Internet Chess Club"]
[Date "2020.07.12"]
[Round "2"]
[White "MonkeyTown"]
[Black "geeleong"]
[Result "0-1"]
[ICCResult "White resigns"]
[WhiteElo "1432"]
[BlackElo "1631"]
[Opening "King's Indian: East Indian defense"]
[ECO "A48"]
[NIC "QP.06"]
[Time "13:30:52"]
[TimeControl "2700+10"]

1. d4 Nf6 2. Nf3 g6 3. e3 Bg7 4. c4 c6 5. Nc3 d5 6. Be2 O-O 7. O-O Nbd7 8.
Bd2 a6 9. Rc1 Re8 10. cxd5 cxd5 11. Qb3 e5 12. Nxd5 Nxd5 13. Qxd5 exd4 14.
Nxd4 Re5 15. Qd6 Bf8 16. Qc7 Qe8 17. Bf3 Nc5 18. b4 Ne4 19. Bxe4 Rxe4 20.
Rc2 Re7 21. Qb6 Bd7 22. Rfc1 Rd8 23. Qxb7 Bg7 24. Nc6 Bxc6 25. Qxc6 Qxc6 26.
Rxc6 Rxd2 27. Rxa6 Rb7 28. Rb1 Rxb4 29. Rf1 Bf8 30. Ra8 Rbb2 31. a4 Kg7 32.
a5 Bc5 33. Re8 Ra2 34. Re5 Bb4 35. Re8 Bxa5 36. Ra8 Bb6 37. Rxa2 Rxa2 38. h3
Bc7 39. Rc1 Be5 40. Kf1 Ra1 41. Rxa1 Bxa1 42. Ke2 Kf6 43. Kf3 Be5 44. Ke4
Bb8 45. f4 Ke6 46. g4 f5+ 47. Kf3 Kd5 48. h4 Ba7 49. g5 Bc5 50. Kf2 Ke4 51.
Ke2 Bxe3 {White resigns} 0-1

[Event "ICC tourney 1914 (45 10)"]
[Site "Internet Chess Club"]
[Date "2020.07.12"]
[Round "2"]
[White "PawnGrabber"]
[Black "DonnieDarkoUS"]
[Result "0-1"]
[ICCResult "White resigns"]
[WhiteElo "1705"]
[BlackElo "1333"]
[Opening "Sicilian: Smith-Morra gambit"]
[ECO "B21"]
[NIC "SI.48"]
[Time "13:30:52"]
[TimeControl "2700+10"]

1. e4 c5 2. d4 cxd4 3. c3 d5 4. exd5 Qxd5 5. cxd4 Nf6 6. Nc3 Qa5 7. Bd2 Qb6
8. Nf3 e6 9. Bc4 Be7 10. Qe2 O-O 11. O-O Nc6 12. d5 exd5 13. Bxd5 Bd6 14.
Bb3 Bg4 15. h3 Bxf3 16. Qxf3 Nd4 17. Qd1 Nxb3 18. Be3 Nc5 19. Na4 Qc7 20.
Rc1 Rfd8 21. Nxc5 Bh2+ 22. Kh1 Rxd1 23. Rfxd1 Qe5 24. Nxb7 Bf4 25. Rc5 Qxb2
26. Bxf4 Qxb7 27. Rdc1 h6 28. Rc7 Qb2 29. R7c2 Qd4 30. Be3 Qd5 31. a4 Qb3
32. a5 Nd5 33. Bd2 Re8 34. Rc5 Qd3 35. Be1 Re2 36. Rc6 Qe4 37. Bc3 Rxf2 38.
Rg1 Ne3 39. Be1 Rxg2 40. Rc8+ Kh7 41. Re8 Rxg1+ {White resigns} 0-1

[Event "ICC tourney 1914 (45 10)"]
[Site "Internet Chess Club"]
[Date "2020.07.12"]
[Round "2"]
[White "barrymax"]
[Black "dce"]
[Result "0-1"]
[ICCResult "White checkmated"]
[WhiteElo "1305"]
[BlackElo "1390"]
[Opening "Scandinavian: Icelandic gambit"]
[ECO "B01"]
[NIC "SD.03"]
[Time "13:30:59"]
[TimeControl "2700+10"]

1. e4 d5 2. exd5 Nf6 3. c4 e6 4. dxe6 Bxe6 5. Nf3 Nc6 6. Be2 Bb4 7. O-O Qd7
8. a3 Be7 9. d4 Bg4 10. d5 Bxf3 11. Bxf3 Ne5 12. b3 O-O-O 13. Bb2 Nxf3+ 14.
Qxf3 h5 15. Nc3 h4 16. Nb5 a6 17. Nd4 h3 18. g3 Ng4 19. Qf5 Bf6 20. Qxd7+
Rxd7 21. Rab1 g6 22. Nf3 Bxb2 23. Rxb2 f6 24. Re2 Kd8 25. Re4 f5 26. Re6 Rg8
27. Ng5 Re7 28. Rxe7 Kxe7 29. Nxh3 g5 30. f3 Ne5 31. Kh1 Kd6 32. f4 gxf4 33.
Rxf4 Rf8 34. Ng5 Ng6 35. Rf1 c6 36. Ne6 Rf6 37. Ng7 Rf7 38. Nxf5+ Ke5 39.
Ne3 Rxf1+ 40. Nxf1 cxd5 41. cxd5 Kxd5 42. Kg2 Kd4 43. Kf3 Kc3 44. b4 Kb3 45.
Ne3 Kxa3 46. Nd5 Ne5+ 47. Ke2 Nc6 48. h4 Nxb4 49. Nb6 a5 50. h5 Nc6 51. h6
Ne5 52. Nc4+ Nxc4 53. h7 b5 54. h8=Q a4 55. Kd1 b4 56. Kc1 b3 57. Qf8+ Ka2
58. Qb4 b2+ 59. Kc2 Na3+ 60. Qxa3+ Kxa3 61. Kb1 Kb3 62. g4 a3 63. g5 a2#
{White checkmated}
0-1

[Event "ICC tourney 1914 (45 10)"]
[Site "Internet Chess Club"]
[Date "2020.07.12"]
[Round "2"]
[White "grant60"]
[Black "Han366"]
[Result "1/2-1/2"]
[ICCResult "Game drawn by mutual agreement"]
[WhiteElo "1351"]
[BlackElo "1387"]
[Opening "King's Indian, 3.Nf3"]
[ECO "E60"]
[NIC "QP.06"]
[Time "13:31:03"]
[TimeControl "2700+10"]

1. d4 Nf6 2. Nf3 g6 3. c4 Bg7 4. Bf4 O-O 5. Nc3 c6 6. e3 d5 7. h3 dxc4 8.
Bxc4 b5 9. Bd3 Qa5 10. O-O Nbd7 11. a3 Bb7 12. Rc1 Rac8 13. Ne2 c5 14. dxc5
Bxf3 15. gxf3 Nh5 16. Rc2 a6 17. Qc1 e5 18. Bh2 f5 19. c6 Nb8 20. Ng3 Nf6
21. Rc5 Rfe8 22. Rd1 Re6 23. b4 Qb6 24. Qb1 Kf8 25. Nxf5 Rcxc6 26. Nxg7 Kxg7
27. Rdc1 Rxc5 28. Rxc5 Nbd7 29. Rc8 Qb7 30. Qb3 Kf7 31. Qc3 Qxf3 32. Bf1 Ne4
33. Qc2 Rf6 34. Bg2 Qxf2+ 35. Qxf2 Nxf2 36. Bd5+ Ke7 37. Kg2 Nd3 38. Bg3 Rf8
39. Rc6 Rf6 40. Rc3 e4 41. Bh4 Kd6 42. Bxf6 Kxd5 43. Bd4 Nf8 44. Rc8 Ne6 45.
Bb6 Ng5 46. h4 Nf3 47. Rh8 Nxh4+ 48. Kh3 Nf5 49. Rxh7 Kc4 50. Ra7 Nf2+ 51.
Kg2 Nd1 52. Rxa6 Ndxe3+ 53. Bxe3 Nxe3+ 54. Kf2 Nc2 55. Ke2 Kb3 56. Rxg6 Kxa3
57. Rg4 Nxb4 58. Rxe4 Na2 59. Kd2 b4 60. Re1 b3 61. Rb1
{Game drawn by mutual agreement}
1/2-1/2

[Event "ICC tourney 1914 (45 10)"]
[Site "Internet Chess Club"]
[Date "2020.07.12"]
[Round "3"]
[White "BillietheKid"]
[Black "fideuscf"]
[Result "0-1"]
[ICCResult "White resigns"]
[WhiteElo "1515"]
[BlackElo "1572"]
[Opening "Sicilian: Katalimov variation"]
[ECO "B27"]
[NIC "SI.43"]
[Time "16:01:59"]
[TimeControl "2700+10"]

1. e4 c5 2. Nf3 b6 3. d4 cxd4 4. Nxd4 Bb7 5. Nc3 e6 6. Bd3 a6 7. O-O b5 8.
Be3 Nc6 9. Nxc6 dxc6 10. f4 c5 11. e5 c4 12. Be4 Qc7 13. Qg4 b4 14. Bxb7
Qxb7 15. Ne2 Nh6 16. Qh5 g6 17. Qh3 Nf5 18. Bf2 Rc8 19. Nd4 Nxd4 20. Bxd4
Bc5 21. Rad1 Qb6 22. c3 O-O 23. Qe3 Bxd4 24. cxd4 Rfd8 25. Rf3 c3 26. bxc3
bxc3 27. h4 c2 28. Rc1 Rxd4 29. Kh2 Qb4 30. h5 Rd1 31. Rf1 Rxf1 32. Rxf1 Qb2
33. Rc1 Qxa2 34. h6 Qc4 35. Qg3 Qe4 36. Qg5 Qf5 37. Qg3 Rc4 38. Qf2 Rxf4 39.
Qa7 Qh5+ 40. Kg1 Qxh6 41. Rxc2 Kg7 42. Qxa6 Rh4 43. Qc6 Qe3+ 44. Rf2 Rh1+
45. Kxh1 Qxf2 46. Qd6 h5 47. Qe7 Qe1+ 48. Kh2 Qxe5+ 49. Kh1 Qf6 50. Qc5 h4
51. Qe3 g5 52. Qh3 Qf5 53. Qc3+ e5 54. Qe3 Qf1+ 55. Kh2 Qf4+ 56. Qxf4 exf4
57. Kh3 f5 58. Kh2 g4 59. Kg1 Kf6 60. Kh2 Ke5 61. Kg1 Ke4 62. Kf2 h3 63.
gxh3 gxh3 64. Kg1 Ke3 65. Kh2 f3 66. Kxh3 f2 67. Kg2 Ke2 {White resigns} 0-1

[Event "ICC tourney 1914 (45 10)"]
[Site "Internet Chess Club"]
[Date "2020.07.12"]
[Round "3"]
[White "GReinhart"]
[Black "Lee-D"]
[Result "0-1"]
[ICCResult "White resigns"]
[WhiteElo "1323"]
[BlackElo "1321"]
[Opening "Queen's pawn: London system"]
[ECO "A45"]
[NIC "QP.07"]
[Time "16:01:25"]
[TimeControl "2700+10"]

1. d4 Nf6 2. Bf4 d5 3. e3 Bf5 4. Nd2 e6 5. c3 c5 6. Ngf3 cxd4 7. cxd4 Bb4 8.
a3 Ba5 9. b4 Bb6 10. Ne5 O-O 11. Rc1 Nbd7 12. h4 Nxe5 13. dxe5 Ne4 14. Nxe4
Bxe4 15. f3 Bg6 16. Bg5 f6 17. exf6 gxf6 18. Bh6 Rf7 19. h5 Bf5 20. g4 Bxg4
21. fxg4 Rc7 22. Bd3 Rac8 23. Rxc7 Rxc7 24. O-O Qd6 25. Qf3 Rc3 26. Bb1 Qe5
27. Qf4 Bxe3+ 28. Kg2 Bxf4 29. Rxf4 Qe2+ 30. Rf2 Qxg4+ {White resigns} 0-1

[Event "ICC tourney 1914 (45 10)"]
[Site "Internet Chess Club"]
[Date "2020.07.12"]
[Round "3"]
[White "dce"]
[Black "MonkeyTown"]
[Result "1-0"]
[ICCResult "Black checkmated"]
[WhiteElo "1478"]
[BlackElo "1429"]
[Opening "Petrov: classical attack"]
[ECO "C42"]
[NIC "RG.04"]
[Time "16:01:15"]
[TimeControl "2700+10"]

1. e4 e5 2. Nf3 Nf6 3. Nxe5 d6 4. Nf3 Nxe4 5. d4 d5 6. Bd3 Nc6 7. Qe2 Qe7 8.
Nc3 Nxc3 9. bxc3 Qxe2+ 10. Bxe2 Bd6 11. O-O O-O 12. Bd2 Bf5 13. Bd3 Bg4 14.
Ng5 h6 15. Nh7 Rfe8 16. Bxh6 gxh6 17. Nf6+ Kg7 18. Nxg4 Re7 19. Rfe1 Rae8
20. Rxe7 Rxe7 21. Ne3 Rd7 22. Nf5+ Kf6 23. Nxh6 Ne7 24. Ng4+ Kg5 25. h3 Ng6
26. Re1 Rd8 27. Bxg6 Kxg6 28. Ne5+ Kf6 29. f4 Ba3 30. g4 Bb2 31. g5+ Kg7 32.
Re3 Bc1 33. Rf3 Bd2 34. h4 Be1 35. h5 Bd2 36. h6+ Kg8 37. Kf2 Re8 38. Kg3
Be1+ 39. Kg4 Bd2 40. f5 f6 41. gxf6 Kh7 42. f7 Rf8 43. f6 Bc1 44. Kf5 Ba3
45. Rg3 Bd6 46. Rg7+ Kh8 47. Ng6# {Black checkmated} 1-0

[Event "ICC tourney 1914 (45 10)"]
[Site "Internet Chess Club"]
[Date "2020.07.12"]
[Round "3"]
[White "chessbyte"]
[Black "PawnGrabber"]
[Result "1-0"]
[ICCResult "Black resigns"]
[WhiteElo "1653"]
[BlackElo "1686"]
[Opening "R?ti: King's Indian attack (Barcza system)"]
[ECO "A07"]
[NIC "QP.09"]
[Time "16:01:25"]
[TimeControl "2700+10"]

1. Nf3 d5 2. g3 Nf6 3. Bg2 g6 4. O-O Bg7 5. d3 O-O 6. Nbd2 c6 7. e4 Qc7 8.
e5 Nfd7 9. d4 c5 10. c3 Nc6 11. Nb3 c4 12. Nbd2 f6 13. exf6 Nxf6 14. Re1 Bg4
15. h3 Bd7 16. Nf1 Rae8 17. Ne3 e5 18. dxe5 Nxe5 19. Nxe5 Rxe5 20. Nxd5
Rxe1+ 21. Qxe1 Qd6 22. Nxf6+ Qxf6 23. Be3 b6 24. Bd4 Qf5 25. Bxg7 Kxg7 26.
Rd1 Re8 27. Qd2 Ba4 28. Re1 Rxe1+ 29. Qxe1 Bc2 30. Qe7+ Qf7 31. Qxf7+ Kxf7
32. Bd5+ Kf6 33. Bxc4 Ke5 34. f4+ Ke4 35. Kf2 Bd3 36. Bxd3+ Kxd3 37. Kf3 Kc2
38. g4 Kxb2 39. f5 gxf5 40. gxf5 Kxa2 41. f6 a5 42. f7 a4 43. f8=Q a3 44.
Qb4 h5 45. Qxb6 Ka1 46. c4 a2 47. Qg1+ Kb2 48. c5 {Black resigns} 1-0

[Event "ICC tourney 1914 (45 10)"]
[Site "Internet Chess Club"]
[Date "2020.07.12"]
[Round "3"]
[White "grant60"]
[Black "barrymax"]
[Result "0-1"]
[ICCResult "White resigns"]
[WhiteElo "1294"]
[BlackElo "1362"]
[Opening "Queen's pawn game"]
[ECO "D04"]
[NIC "QP.06"]
[Time "16:01:18"]
[TimeControl "2700+10"]

1. d4 Nf6 2. Nf3 d5 3. e3 Bf5 4. b3 e6 5. Bb2 Bd6 6. Nbd2 Nc6 7. a3 a6 8. c4
O-O 9. Be2 Rb8 10. c5 Be7 11. b4 b5 12. O-O Na7 13. Qb3 c6 14. Rfc1 Qc7 15.
a4 Ng4 16. h3 Nf6 17. axb5 axb5 18. Ra6 Rb7 19. Rca1 h6 20. Qa3 Ra8 21. Ne5
Nd7 22. Nxc6 Nb8 23. Nxa7 Nxa6 24. Nxb5 Qc6 25. Nd6 Nc7 26. b5 Rxa3 27. Rxa3
Nxb5 28. Ra8+ Bf8 29. Nxb7 Qxb7 30. Ra5 Nc7 31. Bc3 g5 32. g4 Be4 33. f3 Bg6
34. Ra2 Bh7 35. Ba5 Ne8 36. Bb6 Nf6 37. Bb5 Kg7 38. Ra7 Qb8 39. Kg2 h5 40.
Bc6 h4 41. Nf1 Bd3 42. Ra8 Bxf1+ 43. Kxf1 Qg3 44. Ra2 Qxf3+ 45. Rf2 Qxh3+
46. Ke1 Qxg4 47. Bb5 Ne4 48. Be2 Qg1+ 49. Rf1 Qxe3 50. Ba5 Qc1+ 51. Bd1 Qe3+
52. Be2 Qxd4 53. c6 Qa1+ 54. Bd1 Qxa5+ 55. Ke2 Ng3+ 56. Kf3 Nxf1 {White
resigns} 0-1

[Event "ICC tourney 1914 (45 10)"]
[Site "Internet Chess Club"]
[Date "2020.07.12"]
[Round "3"]
[White "snifflingalloy6"]
[Black "WallyCleaver"]
[Result "1/2-1/2"]
[ICCResult "Game drawn by mutual agreement"]
[WhiteElo "1385"]
[BlackElo "1558"]
[Opening "Alekhine's defense: Scandinavian variation"]
[ECO "B02"]
[NIC "AL.10"]
[Time "16:01:29"]
[TimeControl "2700+10"]

1. e4 Nf6 2. Nc3 d5 3. e5 Nfd7 4. d4 e6 5. Nce2 c5 6. c3 Nc6 7. a3 cxd4 8.
cxd4 a6 9. f4 Be7 10. Nf3 O-O 11. b4 b5 12. Be3 Nb6 13. Nc3 Bb7 14. Rc1 Nc4
15. Bxc4 bxc4 16. O-O Na7 17. Qc2 h6 18. f5 exf5 19. Qxf5 Bc8 20. Qc2 Be6
21. Na4 Nb5 22. Ra1 a5 23. Nc5 axb4 24. axb4 Qb6 25. Qb2 Qc6 26. Rxa8 Rxa8
27. Ra1 Rxa1+ 28. Qxa1 Bc8 29. Nd2 Nc7 30. Qa5 Ne6 31. Nf3 Bxc5 32. dxc5 Bd7
{Game drawn by mutual agreement}
1/2-1/2